 Dungeon Crawl Stone Soup version 0.26-a0-597-gb535b0901c (webtiles) character file.

Game seed: 5680754248986907067

2179 vurker the Frost Mage (level 9, -2/55 HPs)
             Began as a Gargoyle Ice Elementalist on Sept 13, 2020.
             Killed from afar by a white imp (9 damage)
             ... with a puff of frost
             ... on level 7 of the Dungeon.
             The game lasted 00:10:00 (7545 turns).

vurker the Frost Mage (Gargoyle Ice Elementalist)   Turns: 7545, Time: 00:10:01

Health: -2/55      AC: 10    Str: 12    XL:     9   Next: 33%
Magic:  19/19      EV:  6    Int: 19    God:
Gold:   329        SH:  0    Dex: 10    Spells: 10/22 levels left

rFire    . . .     SeeInvis .   h - +2 short sword (venom)
rCold    . . .     Faith    .   (no shield)
rNeg     + . .     Spirit   .   a - +0 robe
rPois    ∞         Reflect  .   (no helmet)
rElec    +         Harm     .   k - +0 cloak
rCorr    +                      (no gloves)
MR       .....                  r - +0 pair of boots
Stlth    ++........             (no amulet)
HPRegen  0.18/turn              n - ring of resist corrosion
MPRegen  0.16/turn              (no ring)

@: held
A: negative energy resistance 1, electricity resistance, unbreathing,
petrification resistance, rot immunity, AC +6
a: no special abilities


You were on level 7 of the Dungeon.
You visited 2 branches of the dungeon, and saw 8 of its levels.

You collected 329 gold pieces.

Inventory:

Hand Weapons
 h - a +2 short sword of venom (weapon)
   (You took it off a kobold on level 2 of the Dungeon)
Armour
 a - a +0 robe (worn)
 k - a +0 cloak (worn)
   (You found it on level 2 of the Dungeon)
 r - a +0 pair of boots (worn)
   (You found it on level 3 of the Dungeon)
Jewellery
 n - a ring of resist corrosion (left hand)
   (You found it on level 3 of the Dungeon)
 x - an uncursed ring of positive energy
   (You found it on level 6 of the Dungeon)
Scrolls
 b - 3 scrolls of remove curse
 e - 5 scrolls of teleportation
 i - 3 scrolls of immolation {unknown}
 j - a scroll of fear {unknown}
 m - a scroll of enchant armour {unknown}
 p - a scroll of fog {unknown}
 s - a scroll of magic mapping {unknown}
 t - a scroll of amnesia {unknown}
 w - a scroll of random uselessness {unknown}
Potions
 c - a potion of lignification
 d - 2 potions of curing {unknown}
 f - 2 potions of mutation {unknown}
 l - a potion of haste {unknown}
 o - a potion of invisibility
 q - 3 potions of heal wounds
 u - a potion of cancellation {unknown}
 v - a potion of magic


   Skills:
 + Level 5.7 Fighting
 - Level 1.5 Dodging
 - Level 2.1 Stealth
 * Level 7.3 Spellcasting
 * Level 8.7 Ice Magic


You had 10 spell levels left.
You knew the following spells:

 Your Spells              Type           Power        Failure   Level
a - Freeze                Ice            ####         1%          1
b - Frozen Ramparts       Ice            #####.       1%          3
c - Hailstorm             Conj/Ice       ###.....     16%         4
d - Summon Ice Beast      Ice/Summ       ###.....     16%         4

Your spell library contained the following spells:

 Spells                   Type           Power        Failure   Level
 Ozocubu's Armour         Ice            #####...     1%          3
 Ensorcelled Hibernation  Hex/Ice        ###...       2%          2
 Corona                   Hex            #......      10%         1
 Confusing Touch          Hex            #.......     30%         3
 Dazzling Flash           Conj/Hex       #.....       30%         3
 Tukima's Dance           Hex            #.......     30%         3


Dungeon Overview and Level Annotations

Branches:
Dungeon (7/15)             Temple (1/1) D:4

Altars:
Ashenzari
Dithmenos
Fedhas
Makhleb
Nemelex Xobeh
Okawaru
Qazlal
Sif Muna
Uskayaw
Xom
Yredelemnul
The Shining One
Jiyva

Shops:
D:5 }


Innate Abilities, Weirdness & Mutations

You are resistant to torment.
Your stone body is resilient. (AC +6)
You are immune to poison.
You resist negative energy. (rN+)
You are resistant to electric shocks. (rElec)
You can survive without breathing.
You are immune to petrification.
You are immune to rotting.


Message History

You hit the gnoll sergeant but do no damage.
The gnoll sergeant looks as sick as possible!
The gnoll sergeant hits you but does no damage.
The white imp gestures at you. The puff of frost hits you.
You hit the gnoll sergeant.
The gnoll sergeant looks as sick as possible!
The gnoll sergeant hits you with a +0 spear.
The white imp hits you but does no damage.
The gnoll barely misses you. The gnoll closely misses you.
You barely miss the gnoll sergeant.
The gnoll sergeant hits you but does no damage.
The white imp closely misses you. The gnoll closely misses you.
The gnoll hits you but does no damage.
The gnoll sergeant hits you with a +0 spear.
You hit the gnoll sergeant but do no damage.
The gnoll sergeant looks as sick as possible!
The white imp hits you but does no damage.
The gnoll hits you with a +0 whip.
* * * LOW HITPOINT WARNING * * *
The gnoll barely misses you. The gnoll sergeant closely misses you.
The white imp misses you. The gnoll hits you but does no damage.
The gnoll sergeant closely misses you.
A gnoll comes into view. It is wielding a +0 spear.
The gnoll shouts!
The gnoll throws a throwing net.
The throwing net hits you.
You become entangled in the net!
You see here a throwing net.
You struggle against the net.
You kill the gnoll sergeant!
You tear a large gash into the net.
The white imp hits you.
* * * LOW HITPOINT WARNING * * *
The white imp freezes you.
* * * LOW HITPOINT WARNING * * *
The gnoll hits you but does no damage. x2
You rip the net and break free!
The white imp gestures at you. The puff of frost hits you!
* * * LOW HITPOINT WARNING * * *
The gnoll hits you with a +0 whip.
* * * LOW HITPOINT WARNING * * *
The gnoll hits you but does no damage. The white imp gestures at you.
The puff of frost misses you.
The gnoll throws a throwing net.
The throwing net hits you.
You become entangled in the net!
You see here a throwing net.
You tear a large gash into the net.
The white imp gestures at you. The puff of frost hits you!
You die...

♣♣.....♣♣
♣♣.......♣♣
♣...≈≈≈...♣ ##
#..≈≈≈≈≈..# #
#.
.##..≈≈♣≈≈..#
#. #.
.....≈≈≈≈≈..#
#.##### #.
......≈≈5g..#
#.....#####.
.......)g.@.#
###.#.......
.##.#...g.#.#
##.#...####.
##..###.#
##.###..# #.
.#.####.###.##
##.# #.
#.......†..##
##.# #.
#.#.####..##.#
## #.
#.##.......#
#.# #. #.
######... ..#
#. ##### #.#
..


You could see 3 gnolls and a white imp.

Vanquished Creatures
  A nameless horror (D:6)
  Menkaure (D:4)
  A water moccasin (D:6)
  An ice beast (D:6)
  2 sky beasts (D:7)
  A black bear (D:6)
  2 ogres (D:5)
  A big kobold (D:7)
  2 bullfrogs (D:7)
  A gnoll sergeant (D:7)
  A scorpion (D:5)
  A howler monkey (D:6)
  A bullfrog zombie (D:5)
  A jelly (D:7)
  3 hounds
  6 orc priests
  A gnoll shaman (D:5)
  Jessica (D:3)
  An iguana (D:4)
  4 orc wizards
  Natasha (thrice) (D:3)
  7 worker ants
  3 gnolls (D:5)
  11 adders
  3 oozes
  3 worms
  5 dart slugs
  4 leopard geckos
  16 orcs
  6 bats
  3 giant cockroaches
  7 goblins
  7 hobgoblins
  9 jackals
  3 quokkas
  5 frilled lizards
  12 kobolds
  A leopard gecko zombie (D:5)
  9 rats
150 creatures vanquished.

Vanquished Creatures (collateral kills)
  2 wights (D:4)
  A white imp (D:5)
3 creatures vanquished.

Grand Total: 153 creatures vanquished

Notes
Turn   | Place    | Note
-------+----------+-------------------------------------------
     0 | D:1      | vurker the Gargoyle Ice Elementalist began the quest for
                  | the Orb.
     0 | D:1      | Reached XP level 1. HP: 10/10 MP: 3/3
    68 | D:1      | Reached XP level 2. HP: 16/16 MP: 0/5
   514 | D:1      | Reached skill level 1 in Fighting
   632 | D:1      | Reached XP level 3. HP: 20/20 MP: 3/6
   640 | D:1      | Learned a level 3 spell: Frozen Ramparts
  1359 | D:2      | Reached XP level 4. HP: 20/25 MP: 2/8
  1796 | D:2      | Found a stormy altar of Qazlal.
  1796 | D:2      | Noticed a fire elemental
  1842 | D:2      | Noticed an earth elemental
  1842 | D:2      | Noticed a water elemental
  1843 | D:2      | Noticed an air elemental
  2408 | D:3      | Reached skill level 5 in Ice Magic
  2408 | D:3      | Reached XP level 5. HP: 30/30 MP: 2/10
  2429 | D:2      | Learned a level 4 spell: Hailstorm
  2588 | D:3      | Found a basalt altar of Yredelemnul.
  2692 | D:3      | Noticed Natasha
  2703 | D:3      | Killed Natasha
  2708 | D:3      | Reached XP level 6. HP: 23/36 MP: 8/11
  2714 | D:3      | Learned a level 4 spell: Summon Ice Beast
  2833 | D:3      | Noticed Natasha
  2838 | D:3      | Killed Natasha
  2893 | D:3      | Noticed Jessica
  2900 | D:3      | Killed Jessica
  2934 | D:3      | Noticed Natasha
  2939 | D:3      | Killed Natasha
  3149 | D:3      | Found a shattered altar of Ashenzari.
  3439 | D:4      | Found a staircase to the Ecumenical Temple.
  3550 | Temple   | Entered the Ecumenical Temple
  3904 | D:4      | Reached XP level 7. HP: 41/41 MP: 13/13
  3930 | D:4      | Reached skill level 6 in Ice Magic
  4156 | D:4      | Noticed Menkaure
  4165 | D:4      | Killed Menkaure
  4369 | D:5      | Entered Level 5 of the Dungeon
  4387 | D:5      | Reached skill level 5 in Spellcasting
  4843 | D:5      | Found Ylathuawn's Gadget Shoppe.
  4946 | D:5      | Reached XP level 8. HP: 32/48 MP: 10/16
  5301 | D:5      | Reached skill level 7 in Ice Magic
  6076 | D:6      | Got a smoking pewter ring
  6077 | D:6      | Identified the ring "Harosaoh" {*Drain +Fly rC+ rN+++
                  | Int+4} (You found it on level 6 of the Dungeon)
  6401 | D:6      | Noticed a nameless horror
  6408 | D:6      | Killed a nameless horror
  6629 | D:6      | Reached skill level 5 in Fighting
  6715 | D:6      | Reached skill level 8 in Ice Magic
  6854 | D:6      | Reached XP level 9. HP: 21/54 MP: 14/19
  7545 | D:7      | Killed from afar by a white imp

Illustrated notes

Levels and vault maps discovered:
D:1:      saegor_arrival_simple_c, layout_loops_ring, roderic_roman_lattice,
          minmay_misc_feat_x
D:2:      layout_basic, nicolae_qazlal_style_of_elements, minmay_misc_feat_rows,
          minivault_27, st_stairs_3
D:3:      layout_rooms, nicolae_overflow_crystal_walls, ashenzari_altar_1,
          uniq_natasha, uniq_jessica
D:4:      layout_basic, minmay_temple_entry_trees, uniq_menkaure
D:5:      layout_loops_ring, serial_shops,
          nicolae_shop_temple_entry_statues_fountains, minmay_misc_feat_ornament
D:6:      layout_gridville
D:7:      layout_loops_ring, zin_academy, elyvilon_altar_3
Temple:   pf_slimified_temple

Skill      XL: |  1  2  3  4  5  6  7  8  9 |
---------------+----------------------------+-----
Fighting       | 1 2 3 4 5 |  5.7
Spellcasting   | 3 4 5 6 7 |  7.3
Ice Magic      | 5 6 8 |  8.7
Dodging        | |  1.5
Stealth        | |  2.1

Action                   |  1- 3 |  4- 6 |  7- 9 || total
-------------------------+-------+-------+-------++-------
Melee: Unarmed           |    12 |       |       ||    12
       Short sword       |    42 |   103 |   153 ||   298
 Cast: Freeze            |    37 |    26 |    26 ||    89
       Frozen Ramparts   |     1 |     7 |    24 ||    32
       Summon Ice Beast  |       |       |    11 ||    11
       Hailstorm         |       |       |     2 ||     2
  Use: Scroll            |       |       |     9 ||     9
 Stab: Sleeping          |       |     2 |     3 ||     5
Armor: Robe              |    26 |    44 |   116 ||   186
Dodge: Dodged            |    59 |    66 |   122 ||   247

Table legend: (Time is in decaauts)
 A = Elapsed time spent in this place.
 B = Non-inter-level travel time spent in this place.
 C = Inter-level travel time spent in this place.
 D = Time resting spent in this place.
 E = Time spent auto-exploring this place.
 F = Levels seen in this place.
 G = Mean time per level.
                   A        B        C        D        E       F      G
               +--------+--------+--------+--------+--------+-----+--------+
         Total |   7574 |   7387 |    187 |    236 |   5908 |   8 |  946.8 |
       Dungeon |   7470 |   7301 |    169 |    236 |   5824 |   7 | 1067.1 |
        Temple |    103 |     85 |     18 |      0 |     84 |   1 |  103.0 |
               +--------+--------+--------+--------+--------+-----+--------+

Top non-repeatable levels by time:
     D:5: 1642 daAuts
     D:1: 1255 daAuts
     D:2: 1218 daAuts
     D:6: 1213 daAuts
     D:3: 1092 daAuts
     D:4: 716 daAuts
     D:7: 331 daAuts
  Temple: 103 daAuts
